 Dungeon Crawl Stone Soup version 0.29.1-2-gbd0b4ee654 (webtiles) character file.

Game seed: 8707602399992037085

10144 DemonSlayer the Thaumaturge (level 11, -8/72 HPs)
             Began as a Demonspawn Fire Elementalist on Oct 30, 2022.
             Was an Elder of Cheibriados.
             Mangled by a rakshasa
             ... wielding a +0 long sword
              (15 damage)
             ... on level 3 of the Abyss.
             The game lasted 00:29:09 (14265 turns).

DemonSlayer the Thaumaturge (DsFE)                 Turns: 14265, Time: 00:29:10

Health: -8/72      AC:  9    Str: 19    XL:     11   Next: 32%
Magic:  34/34      EV: 17    Int: 31    God:    Cheibriados [****..]
Gold:   1296       SH:  0    Dex: 23    Spells: 17/30 levels left

rFire   . . .      SeeInvis .   p - +4 hammer (vorpal)
rCold   . . .      Faith    .   (no shield)
rNeg    . . .      Spirit   .   i - +0 troll leather armour
rPois   .          Reflect  .   (helmet restricted)
rElec   .          Harm     .   o - +0 cloak {Stlth+}
rCorr   .          Rampage  .   y - +1 pair of gloves
Will    .....                   u - +0 pair of boots
Stlth   ++........              (no amulet)
HPRegen 1.02/turn               k - ring of magical power
MPRegen 0.24/turn               w - +4 ring of evasion

@: confused, mighty, ambrosia-drunk, invisible, very slow
A: antennae 1, large bone plates 2, foul stench 2, spiny 1
a: Renounce Religion, Bend Time, Temporal Distortion, Slouch


You were on level 3 of the Abyss.
You worshipped Cheibriados.
Cheibriados was greatly pleased with you.
You visited 2 branches of the dungeon, and saw 11 of its levels.
You visited the Abyss 1 time.

You collected 1296 gold pieces.

Inventory:

Hand Weapons
 p - a +4 vorpal hammer (weapon)
Armour
 i - a +0 troll leather armour (worn)
 o - a +0 cloak of stealth (worn)
 u - a +0 pair of boots (worn)
 y - a +1 pair of gloves (worn)
Jewellery
 k - a ring of magical power (left hand)
 m - a ring of protection from cold
 w - a +4 ring of evasion (right hand)
Wands
 e - a wand of mindburst (2)
 n - a wand of digging (4)
 q - a wand of polymorph (6)
 D - a wand of roots (11)
Scrolls
 g - 2 scrolls of teleportation
 j - a scroll of poison
 l - a scroll of vulnerability
 r - 3 scrolls of amnesia
 v - a scroll of butterflies
Potions
 a - 2 potions of might
 b - 3 potions of magic
 c - 2 potions of lignification
 h - a potion of cancellation
 z - 2 potions of mutation
 A - a potion of brilliance {unknown}
 B - a potion of attraction {unknown}
 C - a potion of berserk rage


   Skills:
 + Level 1.8 Fighting
 + Level 4.2 Maces & Flails
 + Level 0.2 Throwing
 + Level 3.2 Armour
 + Level 3.1 Dodging
 + Level 3.9 Stealth
 + Level 2.2 Shields
 + Level 10.4 Spellcasting
 + Level 2.9 Conjurations
 + Level 10.0 Fire Magic
 + Level 2.5 Evocations


You had 17 spell levels left.
You knew the following spells:

 Your Spells              Type           Power      Damage    Failure   Level
a - Foxfire               Conj/Fire      100%       2x1d9     1%          1
b - Scorch                Fire           100%       2d10      1%          2
c - Conjure Flame         Conj/Fire      54%        6-21      1%          3
d - Flame Wave            Conj/Fire      54%        2d13      2%          4
e - Teleport Other        Tloc           16%        N/A       11%         3

Your spell library contained the following spells:

 Spells                   Type           Power      Damage    Failure   Level
 Inner Flame              Hex/Fire       47%        N/A       1%          3
 Gell's Gravitas          Tloc           16%        N/A       11%         3
 Lesser Beckoning         Tloc           16%        N/A       11%         3
 Summon Forest            Summ/Tloc      8%         N/A       71%         5
 Eringya's Noxious Bog    Tmut/Pois      8%         N/A       99%         6
 Summon Hydra             Summ           8%         N/A       100%        7


Dungeon Overview and Level Annotations

Branches:
Dungeon (10/15)            Temple (0/1) D:5            Lair (1/5) D:8
    Orc: D:9-12

Altars:
Ashenzari
Cheibriados
Kikubaaqudgha
Makhleb
Nemelex Xobeh
Qazlal
Ru
Sif Muna

Annotations:
D:6 2 runed translucent doors, lonewolfV2's ghost, amateur TrFi
D:7 2 transporters, erofeev's ghost, novice KoHu


Innate Abilities, Weirdness & Mutations

You have a pair of small antennae on your head.
You are mostly covered in large bone plates. (SH +6)
You sometimes emit foul miasma when damaged in melee.
You are partially covered in sharp spines.


Message History

The large abomination shimmers and seems to become two!
A spatial vortex comes into view.
You feel very mighty all of a sudden.
The spatial vortex hits your butterfly!!
Your butterfly dies!
Your butterfly disappears in a burst of colours!
The rakshasa gestures at you. The lance of force hits you!
* * * LOW HITPOINT WARNING * * *
You block the spatial vortex's attack. The spatial vortex hits your butterfly!
Your butterfly dies!
Your butterfly disappears in a burst of colours!
You barely miss the rakshasa.
The rakshasa is moderately wounded.
You block the spatial vortex's attack.
The rakshasa hits you with a +0 long sword!
* * * LOW HITPOINT WARNING * * *
A spatial vortex comes into view.
You are confused.
You feel invigorated.
The spatial maelstrom is no longer more vulnerable to fire.
The large abomination closely misses you.
The rakshasa hits you with a +0 long sword!
* * * LOW HITPOINT WARNING * * *
The spatial vortex barely misses you.
You completely miss the large abomination.
The large abomination barely misses you.
The rakshasa hits you with a +0 long sword.
* * * LOW HITPOINT WARNING * * *
You emit a cloud of foul miasma!
Something barely misses your butterfly.
The spatial vortex is struck by your spines.
The spatial vortex hits you!
* * * LOW HITPOINT WARNING * * *
You closely miss the spatial vortex.
The spatial vortex is moderately damaged.
The rakshasa is struck by your spines. The rakshasa barely misses you.
A spatial vortex comes into view.
The rakshasa is struck by your spines.
The rakshasa hits you with a +0 long sword!
You die...

#. ...## #
#.. ...
#.#.##... #
##..... . ..
#.....##v#..
# #_..#v#..##
#..#...#.v..#
#....##.vR###
# #
.##..##XX@# .
. #..######v#
..#### .. #
..# .. .. ..
. b.## . ..
.... #.v ....
#. #.. .. .#
# ### ...
...##.#.
...##.. . ##
...#.#.


You could see a spatial maelstrom (unable to see you), a rakshasa, 5 spatial
vortices and 2 large abominations.

Vanquished Creatures
  Erolcha (D:9)
  3 two-headed ogres
  A wizard (D:10)
  2 trolls
  Grinder (D:5)
  A hornet (D:9)
  Prince Ribbit (D:5)
  17 yaks
  A steam dragon (D:9)
  Menkaure (D:4)
  An orc warrior (D:8)
  An ice beast (D:7)
  3 sky beasts
  A black bear (D:7)
  2 ogres (D:6)
  A wolf (Lair:1)
  A centaur (D:9)
  2 phantoms
  3 kobold brigands (D:9)
  4 bullfrogs
  5 scorpions
  9 wights
  8 killer bees
  5 howler monkeys
  Crazy Yiuf (D:2)
  2 hounds
  A gnoll bouda (D:7)
  2 orc priests
  2 jellies
  6 iguanas
  4 orc wizards
  Natasha (thrice) (D:3)
  4 gnolls (D:7)
  7 adders
  A white imp (D:8)
  2 ufetubi
  3 worms
  7 dart slugs
  26 orcs
  2 endoplasms
  5 giant cockroaches
  9 goblins
  4 hobgoblins
  5 quokkas
  8 ball pythons
  4 bats
  2 frilled lizards
  25 kobolds
  11 rats
221 creatures vanquished.

Vanquished Creatures (others)
  147 foxfires
  20 fungi
  19 plants
186 creatures vanquished.

Grand Total: 407 creatures vanquished

Notes
Turn   | Place    | Note
-------+----------+-------------------------------------------
     0 | D:1      | DemonSlayer the Demonspawn Fire Elementalist began the
                  | quest for the Orb.
     0 | D:1      | Reached XP level 1. HP: 13/13 MP: 3/3
   531 | D:1      | Gained mutation: You have a pair of small antennae on your
                  | head. [demonic ancestry]
   531 | D:1      | Reached XP level 2. HP: 19/19 MP: 3/5
   534 | D:1      | Learned a level 2 spell: Scorch
  1097 | D:2      | Gained mutation: You are partially covered in large bone
                  | plates. (SH +4) [demonic ancestry]
  1097 | D:2      | Reached XP level 3. HP: 21/24 MP: 2/6
  2232 | D:2      | Found a faded altar of an unknown god.
  2329 | D:2      | Found a runed translucent door.
  2330 | D:2      | Noticed Crazy Yiuf
  2335 | D:2      | Killed Crazy Yiuf
  2336 | D:2      | Gained mutation: You may rarely emit foul miasma when
                  | damaged in melee. [demonic ancestry]
  2336 | D:2      | Reached XP level 4. HP: 30/30 MP: 2/8
  2897 | D:2      | Learned a level 3 spell: Conjure Flame
  3819 | D:3      | Reached XP level 5. HP: 36/36 MP: 9/9
  4254 | D:3      | Noticed Natasha
  4258 | D:3      | Killed Natasha
  4330 | D:3      | Learned a level 4 spell: Flame Wave
  4352 | D:3      | Noticed Natasha
  4358 | D:3      | Killed Natasha
  4359 | D:3      | Reached skill level 1 in Maces & Flails
  4423 | D:3      | Noticed Natasha
  4426 | D:3      | Killed Natasha
  4604 | D:4      | Noticed Menkaure
  4608 | D:4      | Killed Menkaure
  4609 | D:4      | Reached XP level 6. HP: 42/42 MP: 11/11
  4680 | D:4      | Found a stormy altar of Qazlal.
  4682 | D:4      | Found a shimmering blue altar of Sif Muna.
  4708 | D:4      | Found a sacrificial altar of Ru.
  4709 | D:4      | Found a snail-covered altar of Cheibriados.
  4714 | D:4      | Found a burning altar of Makhleb.
  4717 | D:4      | Became a worshipper of Cheibriados the Contemplative
  4737 | D:4      | Found a sparkling altar of Nemelex Xobeh.
  4740 | D:4      | Found an ancient bone altar of Kikubaaqudgha.
  4781 | D:4      | Noticed Edmund
  5943 | D:4      | Found a broken altar of Ashenzari.
  5985 | D:5      | Entered Level 5 of the Dungeon
  6166 | D:4      | Noticed Edmund
  6166 | D:4      | Edmund changed into Edmund the rat
  6170 | D:4      | Killed Edmund the rat
  6381 | D:4      | Learned a level 3 spell: Teleport Other
  6415 | D:4      | Identified a scroll of acquirement
  6415 | D:4      | Acquired 869 gold pieces
  6521 | D:5      | Noticed Prince Ribbit
  7159 | D:5      | Found a staircase to the Ecumenical Temple.
  7244 | D:5      | Killed Prince Ribbit
  7245 | D:5      | Reached XP level 7. HP: 29/47 MP: 13/13
  7381 | D:5      | Reached skill level 1 in Shields
  7381 | D:5      | Reached skill level 5 in Fire Magic
  7478 | D:5      | Reached skill level 5 in Spellcasting
  7478 | D:5      | Reached * piety under Cheibriados
  7833 | D:5      | Reached XP level 8. HP: 53/53 MP: 16/16
  8097 | D:5      | Noticed Grinder
  8103 | D:5      | Paralysed by Grinder for 3 turns
  8109 | D:5      | Killed Grinder
  8110 | D:5      | Reached skill level 1 in Fighting
  8502 | D:6      | Found a runed translucent door.
  8503 | D:6      | Noticed lonewolfV2's ghost (amateur TrFi)
  8792 | D:6      | Found a runed translucent door.
  8837 | D:6      | Reached ** piety under Cheibriados
  9522 | D:7      | Gained mutation: You sometimes emit foul miasma when
                  | damaged in melee. [demonic ancestry]
  9522 | D:7      | Reached XP level 9. HP: 59/59 MP: 19/19
  9591 | D:7      | Reached skill level 1 in Armour
 10120 | D:7      | Found a transporter.
 10120 | D:7      | Noticed a moth of wrath
 10132 | D:7      | Noticed erofeev's ghost (novice KoHu)
 10239 | D:7      | Found a transporter.
 10401 | D:7      | Noticed a two-headed ogre
 10409 | D:7      | Killed a two-headed ogre
 10410 | D:7      | Reached skill level 1 in Evocations
 10714 | D:8      | Noticed a two-headed ogre
 10720 | D:8      | Killed a two-headed ogre
 11388 | D:8      | Gained mutation: You are partially covered in sharp spines.
                  | [demonic ancestry]
 11388 | D:8      | Reached XP level 10. HP: 63/67 MP: 22/22
 11399 | D:8      | Reached *** piety under Cheibriados
 11692 | D:8      | Found a staircase to the Lair.
 12247 | D:9      | Reached **** piety under Cheibriados
 13264 | D:9      | Noticed Erolcha
 13272 | D:9      | Killed Erolcha
 13376 | Lair:1   | Entered Level 1 of the Lair of Beasts
 13726 | D:10     | Entered Level 10 of the Dungeon
 13734 | D:9      | Gained mutation: You are mostly covered in large bone
                  | plates. (SH +6) [demonic ancestry]
 13734 | D:9      | Reached XP level 11. HP: 41/72 MP: 23/24
 13787 | D:10     | Reached skill level 10 in Spellcasting
 14119 | D:10     | Identified the +5 ring mail "Ifeased" {Str+2}
 14171 | D:10     | Noticed a wizard
 14171 | D:10     | Noticed a two-headed ogre
 14178 | D:10     | Noticed a wizard
 14180 | D:10     | Killed a wizard
 14180 | D:10     | Killed a two-headed ogre
 14181 | D:10     | Reached skill level 10 in Fire Magic
 14182 | Abyss:3  | Cast into level 3 of the Abyss (a wizard)
 14224 | Abyss:3  | Noticed a phantasmal warrior
 14234 | Abyss:3  | Found a corrupted altar of Lugonu.
 14247 | Abyss:3  | Noticed a rakshasa
 14249 | Abyss:3  | Noticed a spatial maelstrom
 14264 | Abyss:3  | HP: 2/72 [spatial vortex[a spatial maelstrom] (9)]
 14265 | Abyss:3  | Mangled by a rakshasa

Illustrated notes

Levels and vault maps discovered:
D:1:      dpeg_arrival_ratfight, layout_basic
D:2:      layout_basic, shapermc_ecumenical_altar_ellora,
          uniq_crazy_yiuf_cottage
D:3:      layout_loops_ring, st_stairs_11, uniq_natasha
D:4:      layout_loops_cross, mainiacjoe_overflow_small_starburst,
          mainiacjoe_overflow_alcove_4, nicolae_overflow_hallway_of_the_gods,
          minmay_bisected, uniq_edmund, uniq_menkaure
D:5:      layout_loops_ring, minmay_temple_entry_glass, grunt_decor_fettered,
          uniq_grinder, uniq_prince_ribbit1
D:6:      layout_cave_pods, ebering_ghost_sewer_f
D:7:      layout_basic, gammafunk_ghost_berserking_beasts
D:8:      layout_basic, grunt_lair_entry_orc_guard_hut,
          small_chamber_with_monster
D:9:      layout_roguey, uniq_erolcha
D:10:     minmay_smoke_and_mirrors, layout_long_grid,
          kennysheep_orc_monster_closet_entryway, evilmike_minifort, uniq_joseph
Lair:1:   layout_cave_pods, grunt_forest_large_clearing_hut, grunt_megastairs_2,
          uniq_urug, uniq_gastronok
Abyss:3:  base:
D:8

Skill      XL: |  1  2  3  4  5  6  7  8  9 10 11 |
---------------+----------------------------------+-----
Fire Magic     | 3 4 5 7 9 10 | 10.0
Dodging        | 2 3 |  3.1
Stealth        | 2 3 |  3.9
Spellcasting   | 3 4 5 7 8 9 10 | 10.4
Maces & Flails | 1 2 4 |  4.2
Shields        | 1 2 |  2.2
Fighting       | 1 |  1.8
Armour         | 2 3 |  3.2
Evocations     | 1 2 |  2.5
Conjurations   | 2 |  2.9
Throwing       | |  0.2

Action                   |  1- 3 |  4- 6 |  7- 9 | 10-12 || total
-------------------------+-------+-------+-------+-------++-------
Melee: Mace              |    15 |    67 |    35 |    23 ||   140
       Punch             |     1 |       |       |       ||     1
Throw: Dart              |       |       |       |     3 ||     3
 Cast: Foxfire           |    64 |     7 |     6 |    13 ||    90
       Scorch            |     2 |    67 |   129 |   126 ||   324
       Conjure Flame     |       |     4 |     2 |     3 ||     9
Evoke: Wand              |       |     3 |    10 |    10 ||    23
  Use: Scroll            |     4 |     8 |    13 |     5 ||    30
       Potion            |       |     6 |     1 |     3 ||    10
 Stab: Sleeping          |     1 |     7 |     3 |       ||    11
Armor: Robe              |     3 |    23 |     3 |       ||    29
       Ring mail         |       |       |    20 |     6 ||    26
       Troll leather arm |       |       |       |    21 ||    21
Dodge: Dodged            |    15 |    60 |    73 |    69 ||   217
Block: Other             |     4 |    17 |    25 |    21 ||    67
